 Dungeon Crawl Stone Soup version 0.24-a0-139-geb6712d (webtiles) character file.

Game seed: 5257752846497377346

1814 Lanoc the Carver (level 8, -4/109 HPs)
             Began as a Red Draconian Berserker on Mar 4, 2019.
             Was a Priest of Trog.
             Slain by a wraith (6 damage)
             ... on level 6 of the Dungeon.
             The game lasted 00:06:02 (2853 turns).

Lanoc the Carver (Red Draconian Berserker)          Turns: 2853, Time: 00:06:03

Health: -4/109     AC:  6    Str: 25    XL:     8   Next: 84%
Magic:  8/8        EV: 12    Int:  7    God:    Trog [***...]
Gold:   152        SH:  0    Dex: 13    Spells: 7/7 levels left

rFire    + . .     SeeInvis .   p - +9 mace "Ogrebane" {speed, MR+}
rCold    . . .     Gourm    .   (no shield)
rNeg     . . .     Faith    .   (armour unavailable)
rPois    .         Spirit   .   (helmet restricted)
rElec    .         Reflect  .   (no cloak)
rCorr    .         Harm     .   (no gloves)
MR       ++...                  (no boots)
Stlth    ..........             (no amulet)
HPRegen  0.28/turn              j - ring of protection from magic
MPRegen  0.11/turn              o - -3 ring of evasion (curse)

@: berserking, slowed
A: breathe fire, unfitting armour, fire resistance 1, cold-blooded, AC +6
a: Breathe Fire, Berserk, Trog's Hand, Renounce Religion


You were on level 6 of the Dungeon.
You worshipped Trog.
Trog was most pleased with you.
You were hungry.

You visited 1 branch of the dungeon, and saw 6 of its levels.

You collected 152 gold pieces.

Inventory:

Hand Weapons
 a - a +0 falchion
 m - the +0 broad axe of the Crawling Thing {elec, MR+ Int+2 Dex+3 SInv}
   (You found it on level 4 of the Dungeon)

   Occasionally, upon striking a foe, it will discharge some electrical energy
   and cause terrible harm.
   It affects your intelligence (+2).
   It affects your dexterity (+3).
   It affects your resistance to hostile enchantments.
   It lets you see invisible.
 p - the +9 mace "Ogrebane" (weapon) {speed, MR+}
   (You found it on level 5 of the Dungeon)

   Attacks with this weapon are significantly faster.
   It affects your resistance to hostile enchantments.
Missiles
 c - 2 steel tomahawks (quivered)
 g - 6 bolts
Jewellery
 j - a ring of protection from magic (left hand)
 o - a cursed -3 ring of evasion (right hand)
Wands
 k - a wand of iceblast (5)
Scrolls
 d - a scroll of blinking {unknown}
 e - a scroll of noise {unknown}
 f - a scroll of amnesia {unknown}
 q - a scroll of enchant armour {unknown}
Potions
 h - a potion of brilliance {unknown}
 i - a potion of heal wounds
 l - 2 potions of curing
 n - a potion of invisibility {unknown}
Comestibles
 b - 5 rations
 r - 5 chunks of flesh


   Skills:
 + Level 7.1 Fighting
 * Level 8.7 Long Blades
 + Level 5.8 Dodging


You had 7 spell levels left.
You didn't know any spells.
Your spell library was empty.

Dungeon Overview and Level Annotations

Branches:
Dungeon (6/15)             Temple (0/1) D:6

Altars:

Annotations:
D:6 3 runed translucent doors, Zanta616's ghost, amateur OgFi


Innate Abilities, Weirdness & Mutations

You can breathe blasts of fire.
Your fiery red scales are hard. (AC +6)
You cannot fit into any form of body armour.
Your flesh is heat resistant. (rF+)
You are cold-blooded and may be slowed by cold attacks.


Message History

The wraith hits you!
* * * LOW HITPOINT WARNING * * *
The wraith misses you.
A red film seems to cover your vision as you go berserk!
You feel yourself moving faster!
You feel mighty!
You are feeling hungry.
The wraith barely misses you.
You hit the wraith.
Your tail-slap misses the wraith.
The wraith is moderately damaged.
The wraith misses you.
You closely miss the wraith.
The wraith is moderately damaged.
The wraith hits you.
* * * LOW HITPOINT WARNING * * *
The wraith drains your vigour!
You feel as though you will be slow longer.
You sock the wraith!
The wraith is heavily damaged.
The wraith hits you.
You die...

#.#.#########............
#.#.)..........÷....#####
#.###########......###
#.# #.......... #.#
#†####.#### #.# #...# .#
#.## ####''#### #..#
##..(.....## #####.##
#...@W.....# #......#
#....).......# #.###..#
#.............. #..#
#............... #.[#
................ #. #..#
................ #.###..#
.......♣..♣.... #.#....#
....... ♣♣..... #.#.##.#
#


You could see a wraith.

Vanquished Creatures
  3 ice beasts
  4 sky beasts
  3 ogres
  A phantom (D:4)
  A big kobold (D:6)
  4 bullfrogs (D:6)
  2 howler monkeys
  A crimson imp (D:6)
  2 orc priests (D:4)
  2 centaur skeletons
  2 orc wizards
  2 iguanas
  2 worker ants
  A gnoll (D:6)
  A howler monkey skeleton (D:5)
  5 adders
  An ooze (D:3)
  An adder skeleton (D:4)
  2 dart slugs
  9 orcs
  2 ball pythons
  6 goblins
  4 hobgoblins
  6 jackals
  A kobold (D:2)
  3 quokkas
  8 bats
  3 frilled lizards
  3 rats
85 creatures vanquished.

Vanquished Creatures (others)
  A bullfrog (D:3)
  A frilled lizard (D:3)
  3 fungi (D:6)
  A plant (D:6)
6 creatures vanquished.

Grand Total: 91 creatures vanquished

Notes
Turn   | Place    | Note
-------+----------+-------------------------------------------
     0 | D:1      | Lanoc the Draconian Berserker began the quest for the Orb.
     0 | D:1      | Reached XP level 1. HP: 19/19 MP: 1/1
   284 | D:1      | Reached XP level 2. HP: 26/26 MP: 2/2
   566 | D:3      | Reached XP level 3. HP: 32/33 MP: 3/3
   814 | D:3      | Reached ** piety under Trog
   921 | D:3      | Killed a bullfrog
  1006 | D:3      | Reached skill level 4 in Long Blades
  1082 | D:3      | Reached XP level 4. HP: 39/40 MP: 4/4
  1120 | D:4      | Reached XP level 5. HP: 46/46 MP: 5/5
  1125 | D:4      | Noticed an ogre
  1131 | D:4      | Noticed an ogre
  1466 | D:4      | Noticed an ogre
  1466 | D:4      | Noticed a phantom
  1471 | D:3      | Killed an ogre
  1471 | D:3      | Reached skill level 5 in Long Blades
  1471 | D:3      | Reached XP level 6. HP: 53/53 MP: 6/6
  1476 | D:3      | Reached skill level 5 in Fighting
  1521 | D:4      | Reached skill level 6 in Long Blades
  1521 | D:4      | Your scales start taking on a fiery red colour.
  1521 | D:4      | Reached XP level 7. HP: 61/61 MP: 7/7
  1521 | D:4      | Gained mutation: Your flesh is heat resistant. (rF+) [Red
                  | Draconian growth]
  1694 | D:4      | Got a dazzling broad axe
  1695 | D:4      | Identified the cursed +0 broad axe of the Crawling Thing
                  | {elec, MR+ Int+2 Dex+3 SInv} (You found it on level 4 of
                  | the Dungeon)
  1744 | D:4      | You fall through a shaft!
  1744 | D:5      | Entered Level 5 of the Dungeon
  1834 | D:5      | Reached skill level 7 in Long Blades
  2001 | D:5      | Got an ichor-stained mace
  2002 | D:5      | Identified the +9 mace "Ogrebane" {speed, MR+} (You found
                  | it on level 5 of the Dungeon)
  2181 | D:5      | Reached skill level 5 in Dodging
  2181 | D:5      | Reached XP level 8. HP: 70/70 MP: 8/8
  2480 | D:6      | Found a staircase to the Ecumenical Temple.
  2483 | D:6      | Found a runed translucent gate.
  2484 | D:6      | Found a runed translucent gate.
  2485 | D:6      | Noticed a kobold demonologist
  2486 | D:6      | Found a runed translucent gate.
  2486 | D:6      | Noticed Zanta616's ghost (amateur OgFi)
  2620 | D:6      | Reached *** piety under Trog
  2620 | D:6      | Reached skill level 8 in Long Blades
  2852 | D:6      | HP: 2/109 [wraith (5)]
  2853 | D:6      | Slain by a wraith

Levels and vault maps discovered:
D:1:      onia_arrival_mini_maze_b, layout_loops_ring, grunt_decor_arrowhead,
          roderic_roman_lattice
D:2:      layout_rooms, first_ration, serial_bayou_ford_a,
          okawaru_ov_weapons_minmay, uniq_terence, uniq_jessica
D:3:      layout_loops_ring, fiery_altar_vehumet,
          nicolae_overflow_quartered_altars, kennysheep_generic_room_12
D:4:      layout_basic, nicolae_tso_swordbearing_angel, grunt_gozag_statues,
          xom_redecorated, lightli_corner_chamber
D:5:      layout_loops_ring, kennysheep_pointless_box
D:6:      kennysheep_big_flooded_room, layout_loops_ring, temple_doors_e,
          serial_shops, shop, gammafunk_ghost_nasty_kobolds

Skill      XL: |  1  2  3  4  5  6  7  8 |
---------------+-------------------------+-----
Dodging        | 3 4 5 |  5.8
Long Blades    | 4 5 6 7 8 |  8.7
Fighting       | 4 5 6 7 |  7.1

Action                   |  1- 3 |  4- 6 |  7- 9 || total
-------------------------+-------+-------+-------++-------
Melee: Falchion          |    90 |    51 |    70 ||   211
       Tailslap          |    12 |     9 |    20 ||    41
       Mace              |       |       |    83 ||    83
Invok: Berserk           |     3 |     3 |     3 ||     9
       Trog's Hand       |       |     1 |       ||     1
  Use: Scroll            |       |       |     4 ||     4
 Stab: Sleeping          |     2 |       |     2 ||     4
  Eat: Chunk             |     4 |     4 |     3 ||    11
       Ration            |       |       |     1 ||     1
Armor: Skin              |    35 |    26 |    37 ||    98
Dodge: Dodged            |    66 |    66 |    83 ||   215
       Rpst.: Falchion   |    23 |    18 |    18 ||    59

Table legend:
 A = Non-vault XP
 B = Vault XP
 C = Vault XP percentage of total XP
 D = Non-vault monster count
 E = Vault monster count
 F = Vault count percentage of total count
                 A         B        C        D         E       F
            +---------+---------+-------+---------+---------+-------
      Total |    2479 |     113 |   4.4 |      83 |       2 |   2.4
            +---------+---------+-------+---------+---------+-------
        D:1 |      16 |       0 |   0.0 |       9 |       0 |   0.0
        D:2 |      13 |       0 |   0.0 |       8 |       0 |   0.0
        D:3 |     437 |      13 |   2.9 |      25 |       1 |   3.8
        D:4 |     405 |       0 |   0.0 |      12 |       0 |   0.0
        D:5 |     787 |       0 |   0.0 |      14 |       0 |   0.0
        D:6 |     821 |     100 |  10.9 |      15 |       1 |   6.2
            +---------+---------+-------+---------+---------+-------
